Map: [ESL] Inside and Out

Players

Serral

  • Race: Zerg Zerg
  • League: Grandmaster
  • Spawn Location: 1:00

Reynor - Winner!

  • Race: Zerg Zerg
  • Spawn Location: 7:00

Event: TSL 9

VOD

Have the link to the VOD?

Description

Time

  • Played on: Sept. 3, 2022, 6:49 a.m.
  • Length: 11:22

All games in this series

Show
View Real Time Build Order
Export as new Build Order

Serral Zerg 

Build Orders: Pool First 

Get SALT Encoding   

  12  0:00  Drone  
  13  0:11  Overlord  
  13  0:16  Drone  
  14  0:30  Drone x2  
  14  0:34  Drone  
  17  0:43  Spawning Pool  
  17  0:46  Drone  
  17  1:07  Hatchery  
  17  1:09  Drone  
  17  1:11  Extractor  
  17  1:14  Drone  
  17  1:29  Drone  
  17  1:30  Queen  
  17  1:31  Zergling x2  
  21  1:38  Drone  
  22  1:51  Overlord  
  22  2:05  Spore Crawler  
  22  2:06  Extractor  
  22  2:08  Spore Crawler, Queen  
  20  2:11  Metabolic Boost, Drone x2  
  26  2:19  Drone  
  26  2:21  Drone  
  28  2:29  Drone  
  29  2:35  Drone  
  29  2:42  Zergling x2, Drone  
  29  2:43  Zergling x2, Baneling Nest, Drone  
  32  2:48  Drone  
  33  2:57  Hatchery  
  32  2:59  Zergling x2  
  32  3:03  Overlord  
  33  3:06  Drone  
  33  3:09  Drone  
  33  3:10  Drone  
  36  3:15  Overlord  
  36  3:21  Drone  
  36  3:26  Zergling x8  
  41  3:28  Zergling x2  
  41  3:33  Zergling x2  
  43  3:39  Baneling x2  
  44  3:41  Drone  
  44  3:44  Zergling x2  
  44  3:45  Drone x3  
  48  3:52  Baneling, Evolution Chamber  
  48  3:53  Zergling x2  
  48  3:54  Zergling x2  
  48  3:55  Drone x2  
  51  4:07  Zergling x2  
  51  4:09  Drone x2  
  49  4:12  Drone, Extractor  
  49  4:14  Roach Warren  
  49  4:16  Baneling x2  
  48  4:17  Queen  
  48  4:19  Overlord  
  48  4:22  Zergling x2  
  51  4:25  Zergling x4  
  51  4:27  Drone  
  51  4:28  Baneling  
  51  4:29  Drone  
  55  4:33  Drone  
  55  4:35  Drone x2  
  55  4:38  Drone  
  55  4:39  Drone  
  55  4:41  Zerg Missile Weapons Level 1  
  55  4:44  Zergling x2  
  58  4:46  Drone x2  
  58  4:52  Drone x2  
  62  4:53  Drone, Extractor  
  62  4:54  Drone x2  
  64  5:00  Overlord x2  
  64  5:05  Drone x2  
  66  5:13  Lair  
  66  5:20  Drone x2  
  67  5:22  Drone x3  
  67  5:23  Drone  
  67  5:25  Drone x3  
  67  5:28  Drone x4  
  78  5:32  Baneling x2  
  78  5:34  Overlord  
  78  5:35  Roach x2  
  79  5:38  Queen  
  81  5:43  Overlord x2  
  81  5:46  Extractor  
  81  5:47  Extractor  
  81  5:49  Roach, Spine Crawler  
  80  5:50  Roach  
  80  5:52  Roach  
  80  5:55  Roach  
  82  6:01  Roach x3  
  85  6:06  Roach  
  85  6:11  Roach  
  85  6:12  Roach x2  
  85  6:13  Roach  
  85  6:16  Roach  
  85  6:18  Roach  
  92  6:20  Roach  
  92  6:21  Roach  
  92  6:23  Glial Reconstitution  
  97  6:29  Overlord  
  97  6:33  Drone x6  
  97  6:39  Zerg Missile Weapons Level 2  
  103  6:41  Extractor, Evolution Chamber  
  103  6:43  Drone  
  103  6:44  Drone x2  
  103  6:45  Drone  
  105  6:47  Overseer  
  105  6:53  Pneumatized Carapace, Hatchery  
  104  6:55  Overlord  
  104  7:01  Roach x2  
  104  7:02  Roach  
  104  7:05  Overlord  
  104  7:06  Overlord  
  104  7:08  Overlord  
  110  7:13  Roach x2  
  114  7:16  Zerg Ground Armor Level 1  
  114  7:19  Overlord  
  114  7:21  Roach x2  
  118  7:25  Roach x2  
  122  7:32  Overlord  
  122  7:33  Roach x3  
  128  7:39  Roach  
  128  7:40  Roach x3  
  128  7:43  Drone  
  137  7:44  Hydralisk Den  
  137  7:50  Drone  
  137  7:52  Roach x4  
  137  7:57  Overlord x2  
  145  8:02  Overlord x2  
  145  8:06  Roach x2  
  145  8:11  Roach x3  
  155  8:13  Grooved Spines  
  155  8:16  Spore Crawler  
  155  8:17  Spore Crawler  
  153  8:20  Hydralisk x2  
  153  8:26  Hydralisk x3  
  163  8:30  Overlord  
  163  8:33  Ravager x2  
  165  8:34  Spore Crawler  
  165  8:37  Hydralisk x2  
  168  8:44  Ravager  
  168  8:45  Hydralisk  
  168  8:46  Hydralisk x3  
  177  8:50  Overlord  
  177  8:56  Roach x4  
  177  8:59  Ravager  
  182  9:06  Roach x5  
  182  9:07  Roach  
  158  9:10  Roach  
  158  9:13  Roach x2  
  142  9:17  Roach  
  142  9:18  Roach x2  
  150  9:24  Roach x4  
  150  9:28  Overlord  
  150  9:29  Overlord  
  156  9:32  Roach x2  
  161  9:38  Ravager  
  161  9:39  Overseer  
  161  9:40  Overlord  
  161  9:43  Roach x4  
  164  9:56  Roach x6  
  161  10:06  Roach x4  
  159  10:16  Roach x3  
  159  10:20  Roach  
  148  10:24  Roach  
  148  10:26  Roach  
  140  10:28  Roach  
  140  10:33  Roach  
  142  10:40  Roach x2  
  146  10:45  Ravager  
  146  10:47  Ravager  
  146  10:48  Roach x2  
  152  10:51  Roach  
  154  10:57  Roach  
  154  11:01  Roach x2  
  164  11:09  Ravager x3  
Show
View Real Time Build Order
Export as new Build Order

Reynor Zerg - Winner!

Build Orders: Hatch First 

Get SALT Encoding   

  12  0:00  Drone  
  13  0:11  Overlord  
  13  0:16  Drone  
  14  0:30  Drone x2  
  16  0:48  Hatchery  
  15  0:51  Drone  
  15  0:54  Drone  
  17  0:58  Drone  
  18  1:09  Extractor  
  17  1:13  Spawning Pool  
  17  1:16  Drone  
  17  1:19  Drone  
  18  1:27  Drone  
  19  1:38  Drone  
  20  1:49  Drone  
  21  2:01  Zergling x4, Queen x2  
  27  2:09  Metabolic Boost  
  27  2:11  Overlord  
  27  2:13  Drone  
  28  2:29  Drone x2  
  30  2:35  Drone  
  30  2:36  Drone  
  32  2:46  Drone x2  
  32  2:48  Hatchery  
  32  2:50  Evolution Chamber  
  32  2:53  Baneling Nest  
  32  2:56  Overlord  
  32  2:59  Drone  
  32  3:03  Drone  
  32  3:04  Drone  
  35  3:13  Drone  
  35  3:16  Drone x3  
  35  3:19  Drone  
  40  3:20  Evolution Chamber  
  40  3:21  Overlord  
  40  3:23  Zergling x2  
  40  3:26  Drone  
  41  3:31  Queen  
  43  3:34  Zergling x2  
  43  3:40  Drone  
  43  3:41  Baneling x2  
  45  3:44  Overlord  
  45  3:48  Zergling x8  
  48  3:50  Baneling  
  48  3:53  Zergling x4  
  48  3:54  Baneling  
  50  3:58  Baneling  
  50  4:00  Zergling x4  
  52  4:07  Drone  
  52  4:09  Drone  
  57  4:10  Drone x2  
  57  4:14  Overlord  
  57  4:15  Drone x2  
  57  4:18  Drone  
  57  4:23  Drone x2  
  60  4:28  Drone  
  60  4:29  Zerg Missile Weapons Level 1  
  61  4:31  Drone  
  61  4:33  Roach Warren  
  61  4:35  Drone  
  61  4:38  Drone  
  60  4:43  Drone x2  
  61  4:45  Extractor  
  61  4:46  Overlord  
  61  4:47  Extractor  
  61  4:49  Drone x5  
  61  4:50  Queen  
  65  4:54  Overlord  
  65  5:01  Zergling x10  
  65  5:03  Overlord  
  65  5:07  Zergling x4  
  74  5:14  Roach  
  74  5:18  Roach  
  74  5:19  Roach  
  78  5:26  Overlord  
  78  5:27  Roach x3  
  85  5:28  Roach x3  
  85  5:31  Drone x2  
  86  5:36  Lair  
  86  5:39  Extractor  
  86  5:40  Drone x2, Extractor  
  86  5:43  Drone  
  86  5:49  Drone  
  88  5:51  Drone  
  88  5:52  Drone  
  90  5:59  Roach x2  
  90  6:01  Roach x2  
  90  6:02  Drone  
  94  6:04  Drone  
  94  6:07  Drone  
  94  6:10  Drone x3  
  95  6:12  Drone x2  
  95  6:13  Drone  
  95  6:16  Drone  
  97  6:18  Overlord  
  97  6:23  Drone  
  97  6:25  Extractor  
  97  6:26  Drone  
  97  6:29  Drone  
  97  6:31  Hatchery  
  98  6:34  Zerg Missile Weapons Level 2, Spire  
  98  6:35  Drone  
  98  6:36  Drone  
  99  6:42  Drone  
  99  6:43  Glial Reconstitution  
  99  6:45  Roach x4  
  99  6:46  Overlord  
  108  6:50  Roach x3  
  108  6:53  Overlord x2  
  108  6:54  Overlord x2  
  114  6:58  Overseer  
  114  7:03  Pneumatized Carapace  
  114  7:04  Overlord  
  114  7:06  Roach x2  
  114  7:07  Roach  
  120  7:11  Roach  
  120  7:13  Roach x3  
  128  7:16  Roach  
  128  7:19  Overlord  
  130  7:29  Overlord  
  130  7:45  Drone x5  
  130  7:47  Mutalisk x5  
  130  7:48  Mutalisk  
  147  7:51  Overlord  
  147  7:54  Roach x3  
  147  7:55  Overlord  
  147  7:58  Overlord  
  153  7:59  Roach x3  
  153  8:00  Roach  
  153  8:01  Roach  
  163  8:06  Roach  
  163  8:08  Roach  
  163  8:11  Queen, Roach x2  
  163  8:12  Extractor  
  172  8:16  Roach  
  172  8:18  Roach x3  
  180  8:21  Ravager  
  180  8:23  Drone x3  
  180  8:24  Extractor  
  185  8:27  Roach  
  185  8:30  Roach  
  185  8:31  Roach x2  
  185  8:32  Roach x2  
  195  8:44  Roach x2  
  195  8:46  Ravager  
  200  8:51  Zerg Ground Armor Level 1  
  200  8:53  Infestation Pit, Drone  
  200  8:54  Evolution Chamber  
  198  9:06  Roach x5  
  198  9:07  Hatchery  
  184  9:11  Roach x12  
  184  9:15  Roach x4  
  192  9:22  Ravager x2  
  188  9:25  Roach x4  
  188  9:26  Overlord  
  188  9:29  Roach x2  
  198  9:36  Roach  
  200  9:39  Hive  
  200  9:44  Burrow  
  198  9:54  Roach  
  198  10:03  Roach x4  
  189  10:11  Roach x7  
  195  10:20  Roach x11  
  187  10:24  Roach x2  
  160  10:31  Roach x2  
  164  10:36  Infestor, Roach x6  
  164  10:37  Roach x5  
  188  10:44  Roach x25  
  188  10:49  Ravager  
  199  11:01  Overlord  
  199  11:06  Ravager  
Tags
 
Add a new tag
Caveats
  • Supply blocks, unpowered buildings, or Contaminate may cause inaccurate times.
  • Supply counts are checked every 10 seconds.